 Dungeon Crawl Stone Soup version 0.23-a0-402-g64599a1 (webtiles) character file.

761 MisterFreud the Grappler (level 7, -9/62 HPs)
             Began as a Troll Hunter on Nov 4, 2018.
             Was an Initiate of Ru.
             Mangled by an ogre
             ... wielding a +0 giant club
              (18 damage)
             ... on level 4 of the Dungeon.
             The game lasted 00:08:47 (2868 turns).

MisterFreud the Grappler (Troll Hunter)             Turns: 2868, Time: 00:08:48

Health: -9/62      AC:  5    Str: 23    XL:     7   Next: 51%
Magic:  6/6        EV: 10    Int:  7    God:    Ru [......]
Gold:   117        SH:  0    Dex: 10    Spells: 6/6 levels left

rFire    . . .     SeeInvis .     - Unarmed
rCold    . . .     Gourm    +   (no shield)
rNeg     . . .     Faith    .   b - +0 robe
rPois    .         Spirit   .   (helmet restricted)
rElec    .         Reflect  .   (no cloak)
rCorr    .         Harm     .   (gloves unavailable)
MR       .....                  (boots unavailable)
Stlth    +.........             (no amulet)
HPRegen  0.60/turn              (no ring)
MPRegen  0.10/turn              (no ring)

@: no status effects
A: large, unfitting armour, claws 3, fast metabolism 3, gourmand, regeneration
1, shaggy fur 1, tough skin 2
a: Renounce Religion


You were on level 4 of the Dungeon.
You worshipped Ru.
Ru was noncommittal.
You were very full.

You visited 2 branches of the dungeon, and saw 5 of its levels.

You collected 117 gold pieces.

Inventory:

Missiles
 c - 5 large rocks (quivered)
 d - 2 throwing nets
Armour
 b - a +0 robe (worn)
Jewellery
 h - an uncursed ring of fire
Wands
 j - a wand of flame (10)
Scrolls
 a - 2 scrolls of teleportation
 g - 4 scrolls of identify
 i - 2 scrolls of blinking {unknown}
 k - 2 scrolls of immolation {unknown}
 l - 3 scrolls of remove curse {unknown}
 n - a scroll of fear {unknown}
 p - a scroll of random uselessness {unknown}
 q - a scroll of amnesia {unknown}
Potions
 e - 2 potions of flight
 m - a potion of haste
 o - a potion of heal wounds
 r - a potion of degeneration {unknown}
 s - a potion of ambrosia {unknown}
 t - a potion of might {unknown}
Comestibles
 f - 8 rations


   Skills:
 - Level 1.5 Fighting
 - Level 3.6 Throwing
 + Level 1.5 Dodging
 - Level 0.3 Stealth
 - Level 8.3 Unarmed Combat


You had 6 spell levels left.
You didn't know any spells.
Your spell library contained the following spells:

 Spells                   Type           Power        Failure   Level  Hunger
 Sandblast                Erth           #.....       43%         1    ##.....
 Passwall                 Tmut/Erth      #.......     56%         2    ###....
 Stone Arrow              Conj/Erth      #.....       80%         3    ####...
 Petrify                  Tmut/Erth      #.......     99%         4    #####..
 Lee's Rapid Deconstruct  Erth           #.........   100%        5    ######.


Dungeon Overview and Level Annotations

Branches:
Dungeon (4/15)             Temple (1/1) D:4

Altars:
Ashenzari
Dithmenos
Gozag
Qazlal
Ru
Trog
Vehumet
Xom
Yredelemnul
The Shining One

Annotations:
D:4 Eustachio


Innate Abilities, Weirdness & Mutations

You are too large for most types of armour.
You have claws for hands.
Your metabolism is lightning-fast.
You like to eat raw meat.
Your natural rate of healing is unusually fast.
You are covered in fur. (AC +1)
You have very tough skin. (AC +2)


Message History

The ogre is heavily wounded.
The ogre hits you with a +0 giant club!!
You scratch the ogre but do no damage.
The ogre is heavily wounded.
You barely miss the ogre.
The ogre is heavily wounded.
The ogre hits you with a +0 giant club.
You claw the ogre!
The ogre is severely wounded.
The ogre closely misses you.
You barely miss the ogre.
The ogre is severely wounded.
You scratch the ogre.
The ogre is almost dead.
The ogre hits you with a +0 giant club!!
* * * LOW HITPOINT WARNING * * *
You barely miss the ogre.
The ogre is almost dead.
The ogre hits you with a +0 giant club!!
You die...

#### ####### ...########
######.....# ...#......#
#....#.....# ...'......#
#....#.....# ..รท#<.>...#
#....#.....#
...#.....#######@..#.....#
...########...##O.)'.....#
.[.#.....##........#.....#
...#.....#.........#.....#
...#@....#.........#.....#+####
...#.....'.........#.....#....#
...#.....##...##...#.....#....#
...#..... #...##...#.....'....#
...#..... #...#....#.....#....#


You could see an ogre.

Vanquished Creatures
  Sigmund (D:4)
  Duvessa (D:4)
  Dowan (D:4)
  A scorpion (D:4)
  A centaur skeleton (D:3)
  A gnoll shaman (D:3)
  2 hounds (D:4)
  An orc wizard (D:3)
  An iguana (D:4)
  A hound zombie (D:4)
  6 adders
  4 gnolls
  4 worms
  A dart slug (D:1)
  A leopard gecko (D:1)
  12 orcs
  4 giant cockroaches
  8 goblins
  2 hobgoblins (D:1)
  7 jackals
  3 ball pythons
  11 bats
  5 frilled lizards
  A jackal skeleton (D:4)
  4 kobolds
  6 rats
90 creatures vanquished.

Notes
Turn   | Place    | Note
-------+----------+-------------------------------------------
     0 | D:1      | MisterFreud the Troll Hunter began the quest for the Orb.
     0 | D:1      | Reached XP level 1. HP: 19/19 MP: 0/0
    83 | D:1      | Reached skill level 1 in Unarmed Combat
   187 | D:1      | Reached XP level 2. HP: 7/27 MP: 1/1
   225 | D:1      | Reached skill level 2 in Unarmed Combat
   380 | D:1      | Reached XP level 3. HP: 32/33 MP: 2/2
   550 | D:2      | Found an opulent altar of Gozag.
   562 | D:2      | Reached skill level 3 in Unarmed Combat
   766 | D:2      | Reached XP level 4. HP: 34/41 MP: 3/3
  1429 | D:3      | Reached skill level 4 in Unarmed Combat
  1599 | D:3      | Reached XP level 5. HP: 41/48 MP: 4/4
  2019 | D:3      | Reached skill level 5 in Unarmed Combat
  2308 | D:4      | Reached skill level 6 in Unarmed Combat
  2308 | D:4      | Reached XP level 6. HP: 48/55 MP: 5/5
  2348 | D:4      | Noticed Dowan
  2349 | D:4      | Noticed Duvessa
  2470 | D:4      | Killed Duvessa
  2479 | D:3      | Reached skill level 7 in Unarmed Combat
  2492 | D:4      | Killed Dowan
  2492 | D:4      | Reached XP level 7. HP: 54/62 MP: 6/6
  2619 | D:4      | Found a staircase to the Ecumenical Temple.
  2625 | Temple   | Entered the Ecumenical Temple
  2693 | Temple   | Became a worshipper of Ru the Awakened
  2830 | D:4      | Noticed Sigmund
  2839 | D:4      | Killed Sigmund
  2839 | D:4      | Reached skill level 8 in Unarmed Combat
  2850 | D:4      | Noticed Eustachio
  2868 | D:4      | Mangled by an ogre

Vault maps used:
D:1:      tarquinn_simple_flora_water_d
D:2:      grunt_gozag_statues, minmay_misc_feat_ornament, chequers_mini_garden,
          chequers_arboretum
D:4:      temple_hall, first_ration, uniq_eustachio, uniq_duvessa, uniq_sigmund,
          uniq_purgy
Temple:   dpeg_five_rooms_temple

Skill      XL: |  1  2  3  4  5  6  7 |
---------------+----------------------+-----
Unarmed Combat | 1 2 3 4 6 7 8 |  8.3
Fighting       | |  1.5
Throwing       | |  3.6
Dodging        | |  1.5
Stealth        | |  0.3

Action                   |  1- 3 |  4- 6 |  7- 9 || total
-------------------------+-------+-------+-------++-------
Melee: Unarmed           |    99 |   141 |    34 ||   274
       Punch             |     3 |     2 |       ||     5
  Use: Scroll            |     2 |     2 |       ||     4
  Eat: Chunk             |    13 |    15 |     3 ||    31
Armor: Robe              |    47 |    49 |     7 ||   103
Dodge: Dodged            |    75 |    70 |     9 ||   154

Table legend:
 A = Non-vault XP
 B = Vault XP
 C = Vault XP percentage of total XP
 D = Non-vault monster count
 E = Vault monster count
 F = Vault count percentage of total count
                 A         B        C        D         E       F
            +---------+---------+-------+---------+---------+-------
      Total |     620 |     468 |  43.0 |      87 |       3 |   3.3
            +---------+---------+-------+---------+---------+-------
        D:1 |      43 |       0 |   0.0 |      25 |       0 |   0.0
        D:2 |      66 |       0 |   0.0 |      18 |       0 |   0.0
        D:3 |     235 |       0 |   0.0 |      30 |       0 |   0.0
        D:4 |     276 |     468 |  62.9 |      14 |       3 |  17.6
            +---------+---------+-------+---------+---------+-------
